 Dungeon Crawl Stone Soup version 0.27.0-1-g7a089689b8 (console) character file.

Game seed: 7500479709929346450

15 jejorda2 the Caller (level 2, 0/24 HPs)
             Began as a Deep Dwarf Summoner on July 31, 2021.
             Slain by an orc (2 damage)
             ... on level 3 of the Dungeon.
             The game lasted 00:02:58 (915 turns).

jejorda2 the Caller (Deep Dwarf Summoner)            Turns: 915, Time: 00:02:58

Health: 0/24       AC:  5    Str: 11    XL:     2   Next: 34%
Magic:  2/4        EV: 10    Int: 15    God:
Gold:   33         SH:  0    Dex: 13    Spells: 3/4 levels left

rFire    . . .     SeeInvis .   a - +0 club
rCold    . . .     Faith    .   (no shield)
rNeg     . . .     Spirit   .   d - +0 ring mail
rPois    .         Reflect  .   (no helmet)
rElec    .         Harm     .   (no cloak)
rCorr    .         Rampage  .   (no gloves)
Will     .....                  (no boots)
Stlth    +.........             (no amulet)
HPRegen  0.00/turn              (no ring)
MPRegen  0.09/turn              (no ring)

@: no status effects
A: damage resistance, heal wounds, sense surroundings 1, no regeneration
a: Heal Wounds


You were on level 3 of the Dungeon.
You visited 1 branch of the dungeon, and saw 4 of its levels.

You collected 33 gold pieces.

Inventory:

Hand Weapons
 a - a +0 club (weapon)
Armour
 d - a +0 ring mail (worn)
Potions
 c - 2 potions of resistance {unknown}


   Skills:
 + Level 0.8 Fighting
 * Level 1.1 Maces & Flails
 + Level 1.1 Armour
 - Level 2.1 Dodging
 - Level 2.4 Stealth
 - Level 1.7 Spellcasting
 - Level 3.6 Summonings


You had 3 spell levels left.
You knew the following spells:

 Your Spells              Type           Power      Damage    Failure   Level
a - Summon Small Mammal   Summ           48%        N/A       12%         1

Your spell library contained the following spells:

 Spells                   Type           Power      Damage    Failure   Level
 Call Imp                 Summ           12%        N/A       19%         2
 Call Canine Familiar     Summ           12%        N/A       36%         3
 Summon Guardian Golem    Hex/Summ       6%         N/A       61%         3
 Summon Lightning Spire   Summ/Air       6%         N/A       95%         4


Dungeon Overview and Level Annotations

Branches:
Dungeon (4/15)
 Temple: D:4-7

Altars:


Innate Abilities, Weirdness & Mutations

You are resistant to damage.
You can heal yourself by infusing magical energy.
You passively map a small area around you.
You do not regenerate.


Message History

You kill the ball python!
You see here a ball python corpse.
There is a stone staircase leading down here.
Okay, then.
You start resting.
Your rat disappears in a puff of smoke!
Magic restored.
You start waiting.
Done waiting.
You climb downwards.
The orc barely misses you.
The orc wizard casts a spell.
The orc wizard flickers and vanishes!
Deactivating autopickup; reactivate with Ctrl-A.
The orc hits you with a +0 flail.
There is a stone staircase leading up here.
Unknown command.
The orc barely misses you.
You climb upwards.
Reactivating autopickup.
There is a stone staircase leading down here.
Casting: Summon Small Mammal (safe; 12% risk of failure)
Confirm with . or Enter, or press ? or * to list all spells.
The orc hits you with a +0 flail.
Casting: Summon Small Mammal (safe; 12% risk of failure)
Confirm with . or Enter, or press ? or * to list all spells.
The orc hits you with a +0 flail!
* * * LOW HITPOINT WARNING * * *
You hit the orc but do no damage.
Your bat hits the orc but does no damage.
The orc hits you with a +0 flail.
* * * LOW HITPOINT WARNING * * *
Your rat bites the orc but does no damage.
You closely miss the orc.
Your bat hits the orc but does no damage.
The orc barely misses you.
Your rat closely misses the orc.
You barely miss the orc.
Your bat hits the orc but does no damage.
The orc hits you but does no damage.
Your rat closely misses the orc.
The orc hits you with a +0 flail.
You die...

.. * *. # *
* . .# * *
.#..#
#######....#
#.....b....#
,
#..........#
#..ro......#
, ##
#..@.......+
#..
########...#
##... ,..#
##....
#*##..... *
#.....#
#..####'###
#..........
######..<..
######


You could see an orc (ally target), a friendly bat (summoned) and a friendly rat
(summoned).

Vanquished Creatures
  An orc (D:4)
  A ball python (D:3)
  A bat (D:1)
  An endoplasm (D:2)
  3 quokkas
  A frilled lizard (D:2)
  A rat (D:2)
9 creatures vanquished.

Vanquished Creatures (collateral kills)
  An orc (D:4)
  A hobgoblin (D:1)
  A frilled lizard (D:1)
  A goblin (D:1)
  A rat (D:1)
5 creatures vanquished.

Grand Total: 14 creatures vanquished

Notes
Turn   | Place    | Note
-------+----------+-------------------------------------------
     0 | D:1      | jejorda2 the Deep Dwarf Summoner began the quest for the
                  | Orb.
     0 | D:1      | Reached XP level 1. HP: 15/15 MP: 3/3
   404 | D:2      | Reached XP level 2. HP: 19/24 MP: 1/4
   695 | D:4      | Reached skill level 1 in Maces & Flails
   695 | D:4      | Reached skill level 1 in Armour
   915 | D:3      | Slain by an orc

Illustrated notes

Levels and vault maps discovered:
D:1:      nzn_arrival_settlement, layout_rooms,
          shapermc_ecumenical_altar_notcrosses, minmay_liquid_box,
          wander_ebering_terrifying_dragon_lair
D:2:      layout_rooms
D:3:      layout_basic, overflow_temple_1_default, minmay_quadrilaterals
D:4:      cheibrodos_helix_gallery, layout_layer_cave,
          nicolae_overflow_crystal_walls, mainiacjoe_overflow_tiny_flanked,
          gammafunk_ghost_nasty_kobolds

Skill      XL: |  1  2 |
---------------+-------+-----
Maces & Flails | 1 |  1.1
Armour         | 1 |  1.1
Fighting       | |  0.8
Dodging        | |  2.1
Stealth        | |  2.4
Spellcasting   | |  1.7
Summonings     | |  3.6

Action                   || total
-------------------------++-------
Melee: Club              ||    38
       Unarmed           ||     8
 Cast: Summon Small Mamm ||    24
Armor: Leather armour    ||     9
       Ring mail         ||    11
Dodge: Dodged            ||    37
